 Dungeon Crawl Stone Soup version 0.30.0-29-ga12c61a403 (webtiles) character file.

Game seed: 7216942788838303524

19605 ChadusMaximus the Summoner (level 12, 0/97 HPs)
             Began as a White Draconian Summoner on June 21, 2023.
             Was an Elder of Sif Muna.
             Slain by a black mamba (14 damage)
             ... on level 1 of the Lair of Beasts.
             The game lasted 00:27:56 (12241 turns).

ChadusMaximus the Summoner (DrSu)                  Turns: 12241, Time: 00:27:57

Health: 0/97       AC: 11    Str: 13    XL:     12   Next: 38%
Magic:  3/26       EV: 20    Int: 19    God:    Sif Muna [****..]
Gold:   835        SH:  0    Dex: 19    Spells: 11/31 levels left

rFire   . . .        N - +1 glaive (flame)
rCold   + . .        (shield currently unavailable)
rNeg    . . .        (body armour unavailable)
rPois   .            (helmet restricted)
rElec   .            g - +2 cloak
rCorr   .            (no gloves)
SInv    +            (no boots)
Will    .....        d - amulet "Quunif" {Regen+ Str+2 SInv Stlth+}
Stlth   +++          q - +5 ring of evasion
HPRegen 1.16/turn    J - +6 ring of dexterity
MPRegen 0.20/turn

%: no passive effects
@: lethally poisoned (0 -> -2), slowed, very slow
A: breathe frost, AC +8, unfitting armour, cold resistance 1, cold-blooded
a: Breathe Frost, Renounce Religion, Channel Magic, Forget Spell, Divine
Exegesis


You were on level 1 of the Lair of Beasts.
You worshipped Sif Muna.
Sif Muna was greatly pleased with you.
You visited 2 branches of the dungeon, and saw 13 of its levels.
You also visited: Bailey and Volcano.

You collected 835 gold pieces.

Inventory:

Hand Weapons
 c - a +0 club
 t - a +4 quarterstaff of chaos
 N - a +1 glaive of flaming (weapon)
 T - the +8 falchion "Epiumal" {pain, *Rage rPois rC+}
   (You found it on level 1 of the Lair of Beasts)

   rC:        It protects you from cold.
   rPois:     It protects you from poison.
   *Rage:     It berserks you when you make melee attacks (+20% chance).
Missiles
 x - 12 javelins
Armour
 f - a +0 cloak
 g - a +2 cloak (worn)
 y - a +4 chain mail of fire resistance
 O - a scarf of repulsion
 Q - a +2 plate armour of fire resistance
Jewellery
 b - a ring of fire
 d - the amulet "Quunif" (around neck) {Regen+ Str+2 SInv Stlth+}
   (You found it on level 7 of the Dungeon)

   [amulet of regeneration]

   Str:       It affects your strength (+2).
   SInv:      It lets you see invisible.
   Regen:     It increases your rate of health regeneration.
   Stlth:     It makes you more stealthy.
 k - a ring of see invisible
 q - a +5 ring of evasion (left hand)
 r - a ring of poison resistance
 J - a +6 ring of dexterity (right hand)
 R - a +6 ring of strength
Wands
 B - a wand of iceblast (28)
 F - a wand of digging (5)
 K - a wand of charming (1)
 L - a wand of flame (16)
 M - a wand of light (3)
Scrolls
 h - a scroll of torment
 i - 3 scrolls of teleportation
 o - a scroll of vulnerability
 s - 2 scrolls of fog
 z - a scroll of immolation
 A - 3 scrolls of amnesia
 E - a scroll of enchant weapon
 G - a scroll of butterflies
 H - a scroll of poison
 S - 2 scrolls of magic mapping
Potions
 a - 3 potions of magic
 e - 3 potions of attraction
 l - 2 potions of flight {unknown}
 n - 4 potions of brilliance {unknown}
 p - 5 potions of curing
 u - 6 potions of mutation {unknown}
 v - 2 potions of might {unknown}
 w - 2 potions of lignification {unknown}
 C - a potion of ambrosia
 D - 3 potions of haste {unknown}
 I - a potion of resistance {unknown}
 P - a potion of invisibility {unknown}


   Skills:
 * Level 6.6 Fighting
 * Level 5.9 Dodging
 - Level 1.8 Stealth
 + Level 10.0 Spellcasting
 + Level 14.6 Summonings
 - Level 7.7 Ice Magic


You had 11 spell levels left.
You knew the following spells:

 Your Spells              Type           Power      Damage    Failure   Level
a - Summon Small Mammal   Summ           100%       N/A       1%          1
b - Call Imp              Summ           100%       N/A       1%          2
c - Call Canine Familiar  Summ           60%        N/A       1%          3
d - Summon Lightning Spi  Summ/Air       37%        N/A       3%          4
e - Summon Ice Beast      Ice/Summ       51%        N/A       1%          4
f - Summon Cactus Giant   Summ           30%        N/A       2%          6

Your spell library contained the following spells:

 Spells                   Type           Power      Damage    Failure   Level
 Freeze                   Ice            100%       1d10      1%          1
 Frozen Ramparts          Ice            78%        1d12      1%          3
 Summon Guardian Golem    Hex/Summ       37%        N/A       1%          3
 Ensorcelled Hibernation  Hex/Ice        48%        N/A       2%          2
 Hailstorm                Conj/Ice       24%        3d7       4%          3
 Passwall                 Tmut/Erth      7%         N/A       11%         2
 Wereblood                Tmut           9%         N/A       11%         2
 Summon Forest            Summ/Tloc      18%        N/A       11%         5
 Summon Mana Viper        Hex/Summ       37%        N/A       11%         5
 Ice Form                 Ice/Tmut       24%        N/A       16%         4
 Portal Projectile        Hex/Tloc       18%        N/A       22%         3
 Spider Form              Tmut/Pois      9%         N/A       22%         3
 Stone Arrow              Conj/Erth      18%        3d8       22%         3
 Tukima's Dance           Hex            9%         N/A       22%         3
 Vhi's Electric Charge    Tloc/Air       18%        N/A       22%         3
 Volatile Blastmotes      Fire/Tloc      18%        2d11      22%         3
 Anguish                  Hex/Necr       4%         N/A       58%         4
 Fulminant Prism          Conj/Hex       4%         3d5       58%         4
 Iskenderun's Mystic Bla  Conj/Tloc      9%         2d4       58%         4
 Leda's Liquefaction      Hex/Erth       4%         N/A       58%         4
 Arcjolt                  Conj/Air       4%         1d14      90%         5
 Blade Hands              Tmut           4%         N/A       90%         5
 Lee's Rapid Deconstruct  Erth           4%         3d5*      90%         5
 Plasma Beam              Fire/Air       4%         2x1d16    100%        6
 Storm Form               Tmut/Air       4%         N/A       100%        7
 Lehudib's Crystal Spear  Conj/Erth      4%         10d3      100%        8
 Shatter                  Erth           4%         3d8*      100%        9
 Animate Armour           Summ/Erth      Unusable   N/A       N/A         4

Dungeon Overview and Level Annotations

Branches:
Dungeon (11/15)            Temple (0/1) D:7            Lair (2/5) D:9
 Spider (0/4) Lair:2          Orc (0/2) D:9          Bailey (visited)
Volcano (visited)
  Swamp: Lair:2-3    Shoals: Lair:2-3

Altars:
Dithmenos
Gozag
Kikubaaqudgha
Nemelex Xobeh
Okawaru
Qazlal
Ru
Sif Muna
Wu Jian
Xom

Shops:
D:4 :*   D:6 (   D:7 (   D:10 :

Annotations:
D:6 2 transporters


Innate Abilities, Weirdness & Mutations

You can breathe waves of freezing cold which knock back foes.
Your icy white scales are hard. (AC +8)
You cannot fit into any form of body armour.
Your flesh is cold resistant. (rC+)
You are cold-blooded and may be slowed by cold attacks.


Message History

The skyshark bites your lightning spire!
The skyshark barely misses your lightning spire.
The skyshark tail-slaps your lightning spire but does no damage.
Your lightning spire shoots out a bolt of lightning at the skyshark!
The bolt of electricity hits the skyshark!
The swamp worm barely misses you.
The skyshark bites your lightning spire!
Your lightning spire is destroyed!
Your lightning spire disappears in a puff of smoke!
The swamp worm attacks as you move away!
The swamp worm bites you!!
* * * LOW HITPOINT WARNING * * *
Your surroundings suddenly seem different. 2 elephants come into view.
Found a stone staircase leading up.
An elephant comes into view.
The elephant closely misses you.
The elephant trunk-slaps you but does no damage.
An elephant comes into view.
As you read the scroll of fear, it crumbles to dust.
You assume a fearsome visage.
The elephant looks frightened! x4
You enter the shallow water.
Moving in this stuff is going to be slow.
Found an escape hatch in the ceiling.
There is a stone staircase leading up here.
The black mamba bites you.
You are poisoned.
The black mamba poisons you! The black mamba bites you!
* * * LOW HITPOINT WARNING * * *
The black mamba barely misses you.
You climb upwards.
The sentinel's mark upon you fades away.
You feel extremely sick.
There is a stone staircase leading down here.
Casting: Summon Cactus Giant (dangerous; 2% risk of failure)
Confirm with . or Enter, or press ? or * to list all spells.
An electric hum fills the air.
You feel very sick. The black mamba bites you!
You die...

##..#.# #.....##.....#.......
#.....# ##..........#####.|.#.
#...#####.........### #..###
#..#####........)...# #..#
#...#.#....#........## #..#
##...#....###.8)###...# #.##
#...###..###.....##...## #..#
##...#...##.....8.##...###..###
#....#>.8###..@..###8.>.#....[.
#.........#..S....##........... #
##.......####...###....#.......
###....#....###.8.###...#........
.......##....##...##...#.........
#.#.#..####...........##.........
####....####.........##..........
# ##.................#...........
#.........##....##.............


You could see a black mamba (ally target) and a friendly lightning spire
(summoned).

Vanquished Creatures
  Pikel (D:9)
  A black mamba (Lair:1)
  A cane toad (Lair:1)
  An unseen horror (D:10)
  A komodo dragon (Lair:1)
  A rime drake (D:9)
  A troll (D:9)
  A spriggan (Bailey)
  A wraith (D:10)
  3 yaks
  Menkaure (D:6)
  A redback (Lair:2)
  A vampire mosquito (D:10)
  A steam dragon (Bailey)
  An acid dragon (D:9)
  A water moccasin (D:7)
  An orc warrior (D:10)
  A sky beast (D:6)
  A black bear (D:6)
  3 ice beasts
  3 ogres
  A wolf (D:9)
  2 lemures (D:9)
  A phantom (D:4)
  5 bullfrogs
  3 scorpions
  3 wights
  A howler monkey (D:9)
  4 jellies
  An orc priest (D:7)
  5 hounds
  A sleepcap (D:6)
  2 iguanas
  2 orc wizards
  A hell rat (Lair:2)
  A gnoll (D:7)
  6 adders
  2 ufetubi
  3 worms
  2 dart slugs
  20 orcs
  5 ball pythons
  3 endoplasms
  3 giant cockroaches
  6 hobgoblins
  5 jackals
  6 kobolds
  A quokka (D:2)
  4 bats
  2 frilled lizards (D:2)
  5 rats
133 creatures vanquished.

Vanquished Creatures (collateral kills)
  4 two-headed ogres
  A bog body (Lair:2)
  A salamander (Volcano)
  An elephant (Lair:2)
  A black mamba (Lair:2)
  Joseph (D:7)
  2 cane toads
  Psyche (D:8)
  2 komodo dragons (Lair:1)
  A polar bear (D:9)
  6 spriggans (Bailey)
  A wraith (D:9)
  24 yaks
  A wyvern (D:9)
  A fire bat (Volcano)
  A vampire mosquito (D:10)
  3 water moccasins
  2 hell hounds (Volcano)
  4 orc warriors
  3 ice beasts (D:9)
  A black bear (D:5)
  4 ogres (Bailey)
  3 centaurs
  2 lemures (D:9)
  2 bullfrogs (Lair:2)
  2 gnoll sergeants
  5 wights
  4 killer bees (D:9)
  A howler monkey (D:9)
  A gnoll bouda (D:7)
  Crazy Yiuf (D:2)
  5 orc priests
  A hound (D:5)
  An iguana (D:7)
  3 orc wizards
  4 hell rats (Lair:2)
  10 gnolls
  A shadow imp (D:5)
  A white imp (D:8)
  An ufetubus (D:5)
  A worm (D:2)
  14 orcs
  A bat (D:3)
  An endoplasm (D:3)
  A giant cockroach (D:3)
  3 goblins
  A hobgoblin (D:1)
  6 jackals
  A ball python (D:1)
  2 kobolds (D:3)
  3 butterflies (Lair:1)
148 creatures vanquished.

Vanquished Creatures (others)
  A yak (D:8)
1 creature vanquished.

Grand Total: 282 creatures vanquished

Notes
Turn   | Place    | Note
-------+----------+-------------------------------------------
     0 | D:1      | ChadusMaximus the Draconian Summoner began the quest for
                  | the Orb.
     0 | D:1      | Reached XP level 1. HP: 14/14 MP: 3/3
   403 | D:1      | Reached XP level 2. HP: 6/18 MP: 5/5
   848 | D:2      | Found a runed translucent door.
   849 | D:2      | Noticed Crazy Yiuf
  1034 | D:2      | Reached XP level 3. HP: 16/26 MP: 3/6
  1655 | D:2      | Killed Crazy Yiuf
  1656 | D:2      | Reached skill level 5 in Summonings
  1656 | D:2      | Reached XP level 4. HP: 8/33 MP: 3/8
  1923 | D:3      | Found a shimmering altar of Xom.
  2055 | D:3      | Reached XP level 5. HP: 35/38 MP: 9/9
  2240 | D:3      | Found a sacrificial altar of Ru.
  2242 | D:3      | Found a shimmering blue altar of Sif Muna.
  2246 | D:3      | Found a sparkling altar of Nemelex Xobeh.
  2297 | D:3      | Became a worshipper of Sif Muna the Loreminder
  2520 | D:3      | Found a faded altar of an unknown god.
  2842 | D:4      | Found Qivefey's Book Boutique.
  2870 | D:4      | Learned a level 2 spell: Call Imp
  2874 | D:4      | Learned a level 3 spell: Call Canine Familiar
  2883 | D:4      | Noticed a phantom
  2902 | D:4      | Killed a phantom
  2903 | D:4      | Reached skill level 6 in Summonings
  2937 | D:4      | Found Anwucwupp's Lightly-Used Armoury.
  3078 | D:4      | Reached XP level 6. HP: 45/45 MP: 11/11
  3409 | D:4      | Noticed an ice beast
  3423 | D:4      | Killed an ice beast
  3424 | D:4      | Reached skill level 7 in Summonings
  3628 | D:4      | Your scales start taking on an icy white colour.
  3628 | D:4      | Reached XP level 7. HP: 50/50 MP: 13/13
  3628 | D:4      | Gained mutation: Your flesh is cold resistant. (rC+) [White
                  | Draconian growth]
  3665 | D:5      | Entered Level 5 of the Dungeon
  3708 | D:5      | Reached * piety under Sif Muna
  4029 | D:5      | Reached skill level 8 in Summonings
  4066 | D:5      | Reached skill level 5 in Spellcasting
  4704 | D:6      | Found a transporter.
  4739 | D:6      | Found Emeymm's Weapon Shop.
  4771 | D:6      | Reached ** piety under Sif Muna
  4772 | D:6      | Reached XP level 8. HP: 57/57 MP: 15/15
  4797 | D:6      | Found a transporter.
  4844 | D:6      | Found a stormy altar of Qazlal.
  5169 | D:6      | Found an ornate altar of the Wu Jian Council.
  5234 | D:6      | Noticed Menkaure
  5240 | D:6      | Killed Menkaure
  5241 | D:6      | Reached skill level 9 in Summonings
  5539 | D:7      | Got the Compendium of Different Earth
  5549 | D:7      | Identified the amulet "Quunif" {Regen+ Str+2 SInv Stlth+}
  5581 | D:7      | Noticed Joseph
  5671 | D:6      | Learned a level 4 spell: Summon Lightning Spire
  5676 | D:6      | Learned a level 4 spell: Summon Ice Beast
  5700 | D:7      | Reached skill level 1 in Ice Magic
  5724 | D:6      | Reached skill level 10 in Summonings
  5973 | D:7      | Killed Joseph
  5974 | D:7      | Reached XP level 9. HP: 53/62 MP: 5/18
  6076 | D:7      | Found Mososor's Weapon Boutique.
  6160 | D:7      | Found a staircase to the Ecumenical Temple.
  6491 | D:8      | Reached skill level 11 in Summonings
  6493 | D:8      | Reached *** piety under Sif Muna
  6641 | D:8      | Reached skill level 5 in Ice Magic
  6678 | D:8      | Found an opulent altar of Gozag.
  7064 | D:8      | Noticed Psyche
  7084 | D:8      | Reached XP level 10. HP: 42/69 MP: 1/21
  7135 | D:8      | Reached skill level 12 in Summonings
  7272 | D:8      | Killed Psyche
  7359 | D:8      | Found an iron altar of Okawaru.
  7815 | D:9      | Found a staircase to the Lair.
  7818 | D:9      | Found a staircase to the Orcish Mines.
  7845 | D:9      | Reached **** piety under Sif Muna
  7862 | D:9      | Noticed Pikel
  7913 | D:9      | Reached skill level 13 in Summonings
  7925 | D:9      | Found a flagged portal.
  7934 | Bailey   | Entered a bailey
  8293 | Bailey   | Reached XP level 11. HP: 35/74 MP: 3/23
  8443 | Bailey   | Noticed a two-headed ogre
  8452 | Bailey   | Killed a two-headed ogre
  8749 | D:9      | Killed Pikel
  9399 | D:10     | Entered Level 10 of the Dungeon
  9435 | D:10     | Reached skill level 14 in Summonings
  9470 | D:10     | Found an ancient bone altar of Kikubaaqudgha.
  9517 | D:10     | Reached skill level 1 in Fighting
  9755 | D:10     | Found a shadowy altar of Dithmenos.
 10037 | D:10     | Found Vamoosh's Book Shop.
 10397 | Lair:1   | Entered Level 1 of the Lair of Beasts
 10537 | Lair:1   | Found a dark tunnel.
 10542 | Volcano  | Entered a volcano
 10573 | Volcano  | Noticed a two-headed ogre
 10573 | Volcano  | Noticed a two-headed ogre
 10599 | Volcano  | Killed a two-headed ogre
 10600 | Volcano  | Reached skill level 5 in Fighting
 10600 | Volcano  | Reached XP level 12. HP: 78/94 MP: 1/25
 10602 | Volcano  | Killed a two-headed ogre
 10702 | Volcano  | Noticed a two-headed ogre
 10718 | Volcano  | Killed a two-headed ogre
 10719 | Volcano  | Reached skill level 5 in Dodging
 11289 | Lair:1   | Identified the +8 falchion "Epiumal" {pain, *Rage rPois
                  | rC+}
 11854 | Lair:1   | Learned a level 6 spell: Summon Cactus Giant
 12041 | Lair:2   | Found a hole to the Spider Nest.
 12169 | Lair:2   | Reached skill level 10 in Spellcasting
 12241 | Lair:1   | Slain by a black mamba

Illustrated notes

Levels and vault maps discovered:
D:1:      scummos_arrival_hexagon, layout_loops_cross, minmay_distorted
D:2:      layout_loops_ring, serial_bayou_pond_c, corexii_hall_statues_l,
          serial_bayou_pond_e, uniq_crazy_yiuf_cottage
D:3:      minmay_recursive_quarters, layout_loops_ring,
          mainiacjoe_overflow_alcove_4, grunt_temple_overflow_diamond,
          basic_ecumenical_altar, minmay_ruptured
D:4:      layout_gridville, serial_shops, shop, minmay_shop_damaged
D:5:      layout_layer_cave
D:6:      gammafunk_steamed_eel, layout_gridville, old_standard_altar,
          nicolae_wu_jian_glorious_leap, serial_shops,
          nicolae_shop_window_shopping, uniq_menkaure
D:7:      layout_cave_pools, minmay_temple_entry_crystal_x, serial_shops, shop,
          uniq_joseph
D:8:      layout_cave_pools, nicolae_overflow_crystal_walls,
          overflow_temple_1_default, uniq_psyche
D:9:      layout_long_grid, hellmonk_lair_entry_icy, orc_0_dummy,
          enter_bailey_8, uniq_pikel
D:10:     layout_basic, marbit_many_paths, mainiacjoe_overflow_paths,
          serial_shops, shop
D:11:     minmay_octagon_keep, layout_layer_cave
Lair:1:   layout_concentric_octagons, enter_volcano_4, serial_bayou_shore_b,
          grunt_megastairs_5, lemuel_fruit_tree, lemuel_fruit_fields,
          lemuel_fruit_fields
Lair:2:   layout_regular_city, nicolae_swamp_entry_splash_gauntlet,
          spider_nest_entry_a, infiniplex_staircase_pool_2

Skill      XL: |  1  2  3  4  5  6  7  8  9 10 11 12 |
---------------+-------------------------------------+-----
Summonings     | 5 6 7 8 10 11 13 14 | 14.6
Spellcasting   | 3 4 5 6 7 8 9 10 | 10.0
Ice Magic      | 2 5 7 |  7.7
Dodging        | 4 5 |  5.9
Fighting       | 5 6 |  6.6
Stealth        | |  1.8

Action                     |  1- 3 |  4- 6 |  7- 9 | 10-12 || total
---------------------------+-------+-------+-------+-------++-------
  Melee: Club              |   134 |       |       |       ||   134
         Tailslap          |    11 |    10 |    21 |    31 ||    73
         Unarmed           |     2 |       |       |       ||     2
         Punch             |     2 |       |       |       ||     2
         Quarterstaff      |       |   101 |   159 |   111 ||   371
         Glaive            |       |       |       |    38 ||    38
   Cast: Summon Small Mamm |    21 |     7 |    12 |     7 ||    47
         Call Canine Famil |       |     1 |    14 |    15 ||    30
         Call Imp          |       |     1 |    11 |    26 ||    38
         Summon Lightning  |       |       |     9 |    48 ||    57
         Summon Ice Beast  |       |       |     7 |    37 ||    44
         Summon Cactus Gia |       |       |       |     6 ||     6
Ability: Breathe Frost     |       |       |     2 |     3 ||     5
    Use: Scroll            |       |       |    10 |    12 ||    22
         Potion            |       |       |     2 |     3 ||     5
   Stab: Sleeping          |     2 |     2 |       |     1 ||     5
         Distracted        |       |     1 |       |     4 ||     5
 Armour: Skin              |    60 |    35 |    53 |    58 ||   206
  Dodge: Dodged            |   103 |    95 |   225 |   267 ||   690
